 Dungeon Crawl Stone Soup version 0.16.0-17-g811c1d7 (webtiles) character file.

43 MDvedh the Chopper (level 3, 0/31 HPs)
             Began as a Minotaur Berserker on Mar 21, 2015.
             Was a Believer of Trog.
             Killed from afar by an orc wizard (10 damage)
             ... with a magic dart
             ... on level 3 of the Dungeon.
             The game lasted 00:01:51 (1294 turns).

MDvedh the Chopper (Minotaur Berserker)             Turns: 1294, Time: 00:01:51

Health: 0/31       AC: 11    Str: 21    XL:     3   Next: 37%
Magic:  2/2        EV:  6    Int:  4    God:    Trog [**....]
Gold:   88         SH:  0    Dex: 10    Spells: 0 memorised, 2 levels left

rFire  . . .     SeeInvis .     a - +0 hand axe
rCold  . . .     Clarity  .     h - +0 plate armour
rNeg   . . .     SustAb   .     (no shield)
rPois  .         Gourm    .     (helmet restricted)
rElec  .         Spirit   .     (no cloak)
rCorr  .         Warding  .     (no gloves)
rMut   .         Stasis   .     (no boots)
MR     .....                    (no amulet)
Stlth  ..........               (no ring)
                                (no ring)

@: not resistant to hostile enchantments, extremely unstealthy
A: retaliatory headbutt, horns 2
a: Burn Spellbooks, Berserk, Trog's Hand, Renounce Religion


You were on level 3 of the Dungeon.
You worshipped Trog.
Trog was pleased with you.
You were not hungry.

You visited 1 branch of the dungeon, and saw 3 of its levels.

You collected 88 gold pieces.

Inventory:

Hand weapons
 a - a +0 hand axe (weapon)
Armour
 d - a +0 ring mail of poison resistance
 h - a +0 plate armour (worn)
Jewellery
 o - an uncursed ring of ice {unknown}
Scrolls
 b - a scroll of random uselessness {unknown}
 f - a scroll of enchant weapon {unknown}
 g - 2 scrolls of fear {unknown}
 j - 2 scrolls of enchant armour {unknown}
 l - a scroll of remove curse {unknown}
 p - 2 scrolls of teleportation {unknown}
 q - a scroll of identify {unknown}
Potions
 e - a potion of beneficial mutation {unknown}
 i - a potion of curing {unknown}
 m - a potion of magic {unknown}
Comestibles
 c - 3 bread rations
 k - 2 meat rations
 n - a slice of pizza


   Skills:
 - Level 3.6 Fighting
 + Level 5.4 Axes
 - Level 2.4 Armour
 - Level 2.1 Dodging


You had 2 spell levels left.
You didn't know any spells.

Dungeon Overview and Level Annotations

Branches:
Dungeon (3/15)

Altars:
Dithmenos
Elyvilon
Nemelex Xobeh
Zin
The Shining One


Innate Abilities, Weirdness & Mutations

You reflexively headbutt those who attack you in melee.
You have a pair of horns on your head.


Message History

An orc and an orc wizard come into view.
The orc shouts!
The orc wizard shouts!
The orc throws a tomahawk.
The tomahawk hits you but does no damage.
Found 3 curare-tipped needles.
You see here a tomahawk.
The orc wizard casts a spell.
The orc wizard seems to speed up.
The orc hits you with a war axe of electrocution.
You are electrocuted!
Ouch! That really hurt!
The orc wizard casts a spell.
The orc wizard flickers and vanishes!
Deactivating autopickup; reactivate with Ctrl-A.
Found a leather armour.
You hit the orc!
You kill the orc!
Trog accepts your kill. The magic dart hits you!
You die...

### .... ##########.....
#.................
#............o....
#............{....
+.(.(......)...(...
#.........@........
###+##.......(..........
#......................
##......................
............######......
.########...# #.#.# .#
##...# .#.
.#######....#### [#
.................


You could see an orc.

Vanquished Creatures
  An adder (D:3)
  2 giant geckos (D:2)
  An orc (D:3)
  A ball python (D:1)
  3 giant cockroaches
  5 goblins (D:1)
  3 hobgoblins
  7 bats
  3 giant newts
  3 kobolds (D:2)
  A rat (D:3)
30 creatures vanquished.

Notes
Turn   | Place    | Note
--------------------------------------------------------------
     0 | D:1      | MDvedh, the Minotaur Berserker, began the quest for the Orb.
     0 | D:1      | Reached XP level 1. HP: 19/19 MP: 1/1
   136 | D:1      | Reached skill level 4 in Axes
   236 | D:1      | Reached XP level 2. HP: 26/26 MP: 1/1
   683 | D:2      | Found a shadowy altar of Dithmenos.
   695 | D:2      | Acquired Trog's second power
   739 | D:2      | Reached skill level 5 in Axes
   931 | D:2      | Reached XP level 3. HP: 31/31 MP: 2/2
  1068 | D:2      | Found a glowing silver altar of Zin.
  1068 | D:2      | Found a white marble altar of Elyvilon.
  1068 | D:2      | Found a glowing golden altar of the Shining One.
  1264 | D:3      | Found a sparkling altar of Nemelex Xobeh.
  1294 | D:3      | Killed from afar by an orc wizard

Action                   || total
-------------------------++-------
Melee: Hand axe          ||    62
  Eat: Chunk             ||     1
